 Dungeon Crawl Stone Soup version 0.29.1-13-g9f3cf754e1 (webtiles) character file.

Game seed: 9301514136804166064

980 javelincjr the Magician (level 7, -1/72 HPs)
             Began as a Demonspawn Fire Elementalist on Jan 30, 2023.
             Killed from afar by an orc wizard (14 damage)
             ... with a puff of flame
             ... on level 6 of the Dungeon.
             The game lasted 00:27:31 (6578 turns).

javelincjr the Magician (DsFE)                      Turns: 6578, Time: 00:27:31

Health: -1/72      AC: 30    Str:  8    XL:     7   Next: 96%
Magic:  13/15      EV:  2    Int: 18    God:
Gold:   303        SH:  0    Dex: 14    Spells: 14/17 levels left

rFire   . . .      SeeInvis .   x - +2 short sword (protect)
rCold   . . .      Faith    .   (no shield)
rNeg    . . .      Spirit   .   (body armour currently unavailable)
rPois   +          Reflect  .   (helmet currently unavailable)
rElec   .          Harm     .   (cloak currently unavailable)
rCorr   .          Rampage  .   (gloves currently unavailable)
Will    .....      NoTele   +   (boots currently unavailable)
Stlth   +.........              (no amulet)
HPRegen 0.22/turn               (no ring)
MPRegen 0.14/turn               (no ring)

@: confused, tree-form, under a protective aura
A: stationary, stasis, torment immunity, boosted hp, (thin metallic scales 1),
powered by death 2, demonic magic 2
a: no special abilities


You were on level 6 of the Dungeon.
You were a tree.
You visited 1 branch of the dungeon, and saw 6 of its levels.
You also visited: Sewer.

You collected 303 gold pieces.

Inventory:

Hand Weapons
 c - a +0 dagger
 d - a +1 dagger of draining
 v - a +2 whip of distortion
 x - a +2 short sword of protection (weapon)
 C - a +2 trident of freezing
Missiles
 y - 8 poisoned darts
Armour
 a - a +0 robe (melded)
 n - a +0 pair of boots (melded)
 t - the +8 orange crystal plate armour {Archmagi, Int+3 Clar}
   (You found it on level 5 of the Dungeon)

   Int:       It affects your intelligence (+3).
   Clar:      It protects you against confusion.
Magical Staves
 u - a staff of cold
Jewellery
 w - a ring of see invisible
Wands
 l - a wand of iceblast (6)
 s - a wand of flame (21)
Scrolls
 e - 3 scrolls of identify {unknown}
 f - 5 scrolls of butterflies {unknown}
 h - a scroll of immolation {unknown}
 j - 2 scrolls of teleportation {unknown}
 p - a scroll of amnesia {unknown}
 r - a scroll of silence {unknown}
 z - 2 scrolls of fear {unknown}
 B - a scroll of vulnerability {unknown}
Potions
 b - 2 potions of magic
 k - a potion of might {unknown}
 m - a potion of heal wounds
 o - a potion of lignification
 q - 2 potions of flight {unknown}
 A - a potion of brilliance {unknown}


   Skills:
 + Level 1.0 Fighting
 + Level 1.1 Short Blades
 + Level 2.4 Dodging
 + Level 3.2 Stealth
 + Level 5.5 Spellcasting
 + Level 2.9 Conjurations
 + Level 5.3 Fire Magic


You had 14 spell levels left.
You knew the following spells:

 Your Spells              Type           Power      Damage    Failure   Level
a - Foxfire               Conj/Fire      76%        2x1d7     2%          1
b - Scorch                Fire           48%        2d7       1%          2

Your spell library contained the following spells:

 Spells                   Type           Power      Damage    Failure   Level
 Conjure Flame            Conj/Fire      19%        6-21      7%          3
 Inner Flame              Hex/Fire       14%        N/A       12%         3
 Sublimation of Blood     Necr           5%         N/A       19%         2
 Wereblood                Tmut           5%         N/A       19%         2
 Flame Wave               Conj/Fire      19%        2d7       22%         4
 Gell's Gravitas          Tloc           5%         N/A       36%         3
 Teleport Other           Tloc           5%         N/A       36%         3
 Dispersal                Tloc           2%         N/A       100%        6
 Summon Hydra             Summ           2%         N/A       100%        7


Dungeon Overview and Level Annotations

Branches:
Dungeon (6/15)              Sewer (visited)
 Temple: D:4-7

Altars:
Cheibriados
Fedhas
Kikubaaqudgha
Ru
Trog

Shops:
D:1 (   D:2 ?   D:4 (?**=


Innate Abilities, Weirdness & Mutations

You are a tree.
Your roots penetrate the ground, keeping you stationary.
You cannot be teleported.
You are immune to unholy pain and torment.
Your maximum health is greatly increased.
Your equipment is partially melded.
((You are partially covered in thin metallic scales. (AC +2)))
You regenerate health from kills.
Spells you cast may paralyse nearby enemies.


Message History

A puff of flame appears from out of thin air!
The puff of flame hits you! Something hits you.
You miss something. Something hits you but does no damage.
You hear some strange, mumbled words.
A puff of flame appears from out of thin air!
The puff of flame hits you.
You hit something.
Your weapon exudes an aura of protection.
You hear some strange, mumbled words.
A magic dart appears from out of thin air!
The magic dart hits you but does no damage.
Something hits you but does no damage.
You hit something. Something hits you but does no damage.
You hear some strange, mumbled words.
A magic dart appears from out of thin air!
The magic dart hits you.
* * * LOW HITPOINT WARNING * * *
It was a potion of lignification.
You turn into a tree.
Your +0 pair of boots melds into your body.
Your +0 robe melds into your body.
Your roots penetrate the ground.
Something hits you but does no damage. x2
You cannot move. (Use ctrl+direction or * direction to attack while stationary and confused.)
You cannot move. (Use ctrl+direction or * direction to attack while stationary and confused.)
You cannot move. (Use ctrl+direction or * direction to attack while stationary and confused.)
You barely miss something. Something hits you but does no damage.
Something hits you.
* * * LOW HITPOINT WARNING * * *
You closely miss something.
You hear some strange, mumbled words.
A puff of flame appears from out of thin air!
The puff of flame hits you but does no damage.
You hear some strange, mumbled words.
A magic dart appears from out of thin air!
The magic dart hits you.
* * * LOW HITPOINT WARNING * * *
You hit something but do no damage.
You hear some strange, mumbled words.
A puff of flame appears from out of thin air!
The puff of flame hits you!
You die...

### #.# ... ## ##.###
.#..###.## #....#
.....#...### ##$..#
......#...###...##
..#.#.......#..{..###
..#............{♣...#
...................##
........<...........#
..........).........#
..####....).....##..##
..)..#...............#
.................#..##
.....)..........##...# .
......#.........##...#....


There were no monsters in sight!

Vanquished Creatures
  2 orc warriors (D:6)
  2 ogres
  A phantom (D:5)
  3 hounds
  2 jellies (D:5)
  3 iguanas
  Terence (D:3)
  6 gnolls (D:5)
  5 river rats (Sewer)
  6 adders
  An ufetubus (D:4)
  3 worms
  2 dart slugs (D:1)
  11 orcs
  A bat zombie (D:4)
  5 endoplasms
  6 giant cockroaches
  7 goblins
  3 hobgoblins
  19 kobolds
  5 quokkas
  12 ball pythons
  4 bats
  A frilled lizard (Sewer)
  19 rats
  2 rat zombies (D:4)
132 creatures vanquished.

Vanquished Creatures (others)
  An orc wizard (D:6)
  259 foxfires
260 creatures vanquished.

Grand Total: 392 creatures vanquished

Notes
Turn   | Place    | Note
-------+----------+-------------------------------------------
     0 | D:1      | javelincjr the Demonspawn Fire Elementalist began the quest
                  | for the Orb.
     0 | D:1      | Reached XP level 1. HP: 13/13 MP: 3/3
   143 | D:1      | Gained mutation: You are partially covered in thin metallic
                  | scales. (AC +2) [demonic ancestry]
   143 | D:1      | Reached XP level 2. HP: 19/19 MP: 1/5
   390 | D:1      | Found a faded altar of an unknown god.
   471 | D:1      | Found Milalicw's Antique Weapon Emporium.
   823 | D:2      | Gained mutation: Spells you cast may paralyse adjacent
                  | enemies. [demonic ancestry]
   823 | D:2      | Reached XP level 3. HP: 22/24 MP: 1/6
   866 | D:2      | Found Hitwew's Magic Scroll Emporium.
  1040 | D:2      | Found a blossoming altar of Fedhas.
  2063 | D:3      | Noticed Terence
  2068 | D:3      | Killed Terence
  2069 | D:3      | Gained mutation: You regenerate a little health from kills.
                  | [demonic ancestry]
  2069 | D:3      | Reached XP level 4. HP: 29/30 MP: 1/7
  2150 | D:3      | Learned a level 2 spell: Scorch
  2689 | D:4      | Gained mutation: Spells you cast may paralyse nearby
                  | enemies. [demonic ancestry]
  2689 | D:4      | Reached XP level 5. HP: 32/35 MP: 2/9
  2766 | D:4      | Noticed an ogre
  2772 | D:4      | Killed an ogre
  2781 | D:4      | Reached XP level 6. HP: 38/42 MP: 0/11
  3071 | D:4      | Found Qin Vulo's Weapon Boutique.
  3239 | D:4      | Found Zinnuek's General Store.
  3240 | D:4      | Found Puttoc's Jewellery Shop.
  3250 | D:4      | Found Nitredie's Magic Scroll Shop.
  3250 | D:4      | Found Teteetiz's Assorted Antiques.
  3344 | D:4      | Found an ancient bone altar of Kikubaaqudgha.
  3890 | D:5      | Entered Level 5 of the Dungeon
  3950 | D:5      | Found a snail-covered altar of Cheibriados.
  3996 | D:5      | Found the +8 orange crystal plate armour {Archmagi, Int+3
                  | Clar}
  4381 | D:5      | Found a glowing drain.
  4401 | Sewer    | Entered a sewer
  4823 | Sewer    | Gained mutation: You regenerate health from kills. [demonic
                  | ancestry]
  4823 | Sewer    | Reached XP level 7. HP: 43/47 MP: 8/13
  5488 | D:5      | Found a sacrificial altar of Ru.
  5671 | D:5      | Reached skill level 1 in Short Blades
  5671 | D:5      | Reached skill level 5 in Fire Magic
  5866 | D:5      | Reached skill level 5 in Spellcasting
  6006 | D:6      | Found a bloodstained altar of Trog.
  6208 | D:6      | Reached skill level 1 in Fighting
  6578 | D:6      | Killed from afar by an orc wizard

Illustrated notes

Levels and vault maps discovered:
D:1:      wander_arrival_estate, layout_rooms, serial_shops,
          nicolae_shop_waterfront, shapermc_ecumenical_altar_starsandcircs
D:2:      layout_rooms, basic_altar, serial_shops, shop
D:3:      layout_loops_corners, chequers_serial_rivers_large_a, uniq_terence
D:4:      layout_gridville, lemuel_zombie_altar_kikubaaqudgha, serial_shops,
          shop, minivault_5, grunt_ministairs_10, minmay_shop_grid_forest,
          nicolae_eternal_life
D:5:      layout_basic, mainiacjoe_overflow_alcove_4,
          mainiacjoe_overflow_surrounded_room, mainiacjoe_overflow_brackets,
          portal_sewer_entry_f
D:6:      layout_cave_pools, mainiacjoe_overflow_paths

Skill      XL: |  1  2  3  4  5  6  7 |
---------------+----------------------+-----
Fire Magic     | 3 4 5 |  5.3
Stealth        | 2 3 |  3.2
Dodging        | 2 |  2.4
Spellcasting   | 3 4 5 |  5.5
Conjurations   | 2 |  2.9
Short Blades   | 1 |  1.1
Fighting       | 1 |  1.0

Action                   |  1- 3 |  4- 6 |  7- 9 || total
-------------------------+-------+-------+-------++-------
Melee: Dagger            |    21 |    32 |       ||    53
       Punch             |     1 |       |       ||     1
       Short sword       |       |     9 |    45 ||    54
 Cast: Foxfire           |    55 |    57 |    34 ||   146
       Scorch            |       |    34 |    33 ||    67
  Use: Potion            |       |       |     5 ||     5
 Stab: Paralysed         |       |    10 |     2 ||    12
Armor: Robe              |     9 |    13 |    47 ||    69
       Skin              |       |       |     4 ||     4
Dodge: Dodged            |    20 |    31 |    42 ||    93
